 Dungeon Crawl Stone Soup version 0.28.0-1-gb440e238dd (webtiles) character file.

Game seed: 10397524185678183328

643 fknight the Covered (level 7, -2/53 HPs)
             Began as a Human Fighter on Feb 20, 2022.
             Was an Initiate of Ashenzari.
             Slain by Maggie (6 damage)
             ... on level 6 of the Dungeon.
             The game lasted 00:25:46 (4974 turns).

fknight the Covered (Human Fighter)                 Turns: 4974, Time: 00:25:47

Health: -2/53      AC: 13    Str: 18    XL:     7   Next: 81%
Magic:  7/7        EV:  7    Int:  9    God:    Ashenzari [......]
Gold:   126        SH:  5    Dex: 12    Spells: 6/6 levels left

rFire   + . .      SeeInvis .   v - +2 short sword (elec)
rCold   . . .      Faith    .   c - +0 buckler
rNeg    . . .      Spirit   .   B - +1 chain mail
rPois   .          Reflect  .   (no helmet)
rElec   .          Harm     .   p - +0 cloak
rCorr   .          Rampage  .   o - +0 pair of gloves
Will    .....                   (no boots)
Stlth   ..........              j - amulet of magic regeneration
HPRegen 0.17/turn               g - ring of protection from fire
MPRegen 0.50/turn               (no ring)

@: mighty
A: no striking features
a: Renounce Religion, Curse Item


You were on level 6 of the Dungeon.
You worshipped Ashenzari.
Ashenzari was noncommittal.
You visited 1 branch of the dungeon, and saw 6 of its levels.

You collected 186 gold pieces.
You spent 60 gold pieces at shops.

Inventory:

Hand Weapons
 a - a +0 spectral flail
 f - a +2 dagger of electrocution
 v - a +2 short sword of electrocution (weapon)
 y - a +0 halberd of freezing
Missiles
 e - 35 bolts
 i - 32 arrows
 n - 68 stones
 t - 15 sling bullets
 u - 3 poisoned darts
 w - 3 curare-tipped darts
 x - 2 throwing nets
 A - 10 boomerangs (quivered)
Armour
 c - a +0 buckler (worn)
 o - a +0 pair of gloves (worn)
 p - a +0 cloak (worn)
 q - a +0 leather armour of fire resistance
 B - a +1 chain mail (worn)
Magical Staves
 C - a staff of conjuration
Jewellery
 g - a ring of protection from fire (left hand)
 j - an amulet of magic regeneration (around neck)
Wands
 s - a wand of polymorph (8)
Scrolls
 h - a scroll of magic mapping
 r - 5 scrolls of teleportation
 z - a scroll of silence {unknown}
Potions
 d - a potion of might
 k - a potion of resistance
 l - a potion of magic
 m - a potion of berserk rage {unknown}
 D - a potion of brilliance {unknown}


   Skills:
 + Level 3.9 Fighting
 + Level 3.4 Short Blades
 + Level 2.2 Maces & Flails
 + Level 2.2 Throwing
 + Level 5.0 Armour
 + Level 2.6 Dodging
 + Level 0.1 Stealth
 + Level 4.1 Shields


You had 6 spell levels left.
You didn't know any spells.
Your spell library contained the following spells:

 Spells                   Type           Power      Damage    Failure   Level
 Call Canine Familiar     Summ           0%         N/A       100%        3
 Portal Projectile        Hex/Tloc       0%         N/A       100%        3
 Leda's Liquefaction      Hex/Erth       0%         N/A       100%        4


Dungeon Overview and Level Annotations

Branches:
Dungeon (6/15)
 Temple: D:4-7

Altars:
Ashenzari

Shops:
D:5 (=**(

Annotations:
D:6 Maggie


Message History

You block Maggie's attack.
You hit Maggie. Lightning courses through Maggie!
Maggie is moderately wounded.
Maggie hits you with a +0 glaive of flaming.
You completely miss Maggie.
Maggie is moderately wounded.
Maggie hits you with a +0 glaive of flaming!
Maggie burns you.
You feel better.
Maggie hits you with a +0 glaive of flaming.
You feel very mighty all of a sudden. You block Maggie's attack.
You puncture Maggie!
Maggie is heavily wounded.
Maggie hits you with a +0 glaive of flaming!
* * * LOW HITPOINT WARNING * * *
You hit Maggie.
Maggie is heavily wounded.
Maggie closely misses you.
You hit Maggie.
Maggie is heavily wounded.
Maggie barely misses you.
You puncture Maggie! Lightning courses through Maggie!!
Maggie is almost dead.
Maggie hits you with a +0 glaive of flaming!
* * * LOW HITPOINT WARNING * * *
You feel better.
Maggie says, "Have you seen any dragons?"
Maggie hits you but does no damage.
Okay, then.
You barely miss Maggie.
Maggie is almost dead.
Maggie hits you with a +0 glaive of flaming!
* * * LOW HITPOINT WARNING * * *
Maggie burns you.
* * * LOW HITPOINT WARNING * * *
You hit Maggie but do no damage.
Maggie is almost dead.
Maggie hits you with a +0 glaive of flaming.
You die...

####### ..#..
#.#.# ##
#.#.# ..
###...#.##
#....@@..#
..)..##<##..#
..# #.# .#
#.# # #.# ...
... .#. .. .#


You could see Maggie.

Vanquished Creatures
  A black bear (D:5)
  An ogre (D:5)
  A phantom (D:5)
  A bullfrog skeleton (D:3)
  An orc priest (D:5)
  A hound (D:4)
  2 iguanas (D:5)
  2 orc wizards
  6 adders
  4 gnolls (D:3)
  An ufetubus (D:5)
  An adder skeleton (D:4)
  A worm (D:4)
  2 dart slugs (D:4)
  10 orcs
  8 ball pythons
  4 endoplasms
  3 giant cockroaches
  4 goblins
  14 hobgoblins
  7 jackals
  7 quokkas
  6 bats
  5 frilled lizards
  4 kobolds
  4 rats
101 creatures vanquished.

Notes
Turn   | Place    | Note
-------+----------+-------------------------------------------
     0 | D:1      | fknight the Human Fighter began the quest for the Orb.
     0 | D:1      | Reached XP level 1. HP: 18/18 MP: 1/1
   167 | D:1      | Reached XP level 2. HP: 24/24 MP: 2/2
   510 | D:1      | Reached XP level 3. HP: 27/29 MP: 3/3
  1018 | D:2      | Found a broken altar of Ashenzari.
  1027 | D:2      | Became a worshipper of Ashenzari the Shackled
  1330 | D:2      | Reached skill level 1 in Short Blades
  1330 | D:2      | Reached XP level 4. HP: 33/35 MP: 4/4
  1742 | D:3      | Reached XP level 5. HP: 39/41 MP: 5/5
  2102 | D:3      | Reached skill level 1 in Dodging
  2463 | D:3      | Reached skill level 4 in Armour
  2463 | D:3      | HP: 1/42 [orc (3)]
  2996 | D:3      | Reached XP level 6. HP: 22/48 MP: 6/6
  4127 | D:5      | Entered Level 5 of the Dungeon
  4137 | D:5      | Found Caitia Sigewk's Assorted Antiques.
  4140 | D:5      | Bought 2 murky yellow potions for 28 gold pieces
  4140 | D:5      | Bought a scroll of identify for 32 gold pieces
  4211 | D:5      | Found Cidaus's Weapon Emporium.
  4255 | D:5      | Noticed a black bear
  4261 | D:5      | Killed a black bear
  4262 | D:5      | Reached skill level 1 in Throwing
  4262 | D:5      | Reached XP level 7. HP: 53/53 MP: 7/7
  4347 | D:5      | Found Loot Dos's Jewellery Emporium.
  4465 | D:5      | Found Uleg's Antique Weapon Emporium.
  4685 | D:5      | Reached skill level 5 in Armour
  4763 | D:5      | Found Nowal's Assorted Antiques.
  4960 | D:6      | Noticed Maggie
  4974 | D:6      | Slain by Maggie

Illustrated notes

Levels and vault maps discovered:
D:1:      kennysheep_arrival_forest, layout_loops_ring, hangedman_glass_teeth
D:2:      layout_rooms, basic_altar, st_stairs_12
D:3:      layout_basic, minmay_fractal_squares_5
D:4:      layout_loops_cross
D:5:      layout_loops_cross, serial_shops, nicolae_shop_waterfront, shop,
          nicolae_diamond_shop, kennysheep_mini, nicolae_shop_behind_doors
D:6:      layout_loops_ring, gammafunk_ghost_nasty_kobolds, uniq_maggie

Skill      XL: |  1  2  3  4  5  6  7 |
---------------+----------------------+-----
Short Blades   | 1 2 3 |  3.4
Dodging        | 1 2 |  2.6
Armour         | 4 5 |  5.0
Shields        | 4 |  4.1
Throwing       | 1 2 |  2.2
Fighting       | |  3.9
Maces & Flails | |  2.2
Stealth        | |  0.1

Action                   |  1- 3 |  4- 6 |  7- 9 || total
-------------------------+-------+-------+-------++-------
Melee: Flail             |    23 |       |       ||    23
       Dagger            |    70 |   127 |       ||   197
       Short sword       |       |    60 |    20 ||    80
Throw: Stone             |       |    27 |       ||    27
       Boomerang         |       |    12 |    12 ||    24
  Use: Potion            |     1 |     1 |     3 ||     5
       Scroll            |     2 |    12 |       ||    14
 Stab: Invisible         |     1 |       |       ||     1
Armor: Scale mail        |    61 |    59 |       ||   120
       Chain mail        |       |     3 |     8 ||    11
Dodge: Dodged            |    47 |    63 |     5 ||   115
Block: Buckler           |    24 |    40 |     5 ||    69
